 Dungeon Crawl Stone Soup version 0.25.1-2-g60ff931df9 (webtiles) character file.

Game seed: 10800192147543534759

178 Curus the Spear-Bearer (level 5, 0/41 HPs)
             Began as a Merfolk Berserker on Aug 5, 2020.
             Was a Believer of Trog.
             Slain by an orc
             ... wielding a +0 flail
              (5 damage)
             ... on level 3 of the Dungeon.
             The game lasted 00:09:47 (2507 turns).

Curus the Spear-Bearer (Merfolk Berserker)          Turns: 2507, Time: 00:09:47

Health: 0/41       AC:  4    Str: 17    XL:     5   Next: 58%
Magic:  5/5        EV: 12    Int:  8    God:    Trog [**....]
Gold:   122        SH:  0    Dex: 15    Spells: 4/4 levels left

rFire    . . .     SeeInvis .   a - +0 spear
rCold    . . .     Gourm    .   (no shield)
rNeg     . . .     Faith    .   d - +0 ring mail
rPois    .         Spirit   .   (helmet restricted)
rElec    .         Reflect  .   (no cloak)
rCorr    .         Harm     .   e - +1 pair of gloves
MR       ++...                  (no boots)
Stlth    +.........             (no amulet)
HPRegen  1.13/turn              (no ring)
MPRegen  0.09/turn              (no ring)

@: berserk cooldown, regenerating, slowed, very slow
A: change form in water, swift swim, stealthy swim, antennae 1, agile 1,
deformed body, screaming 1
a: Berserk, Trog's Hand, Renounce Religion


You were on level 3 of the Dungeon.
You worshipped Trog.
Trog was pleased with you.
You were hungry.

You visited 1 branch of the dungeon, and saw 3 of its levels.

You collected 122 gold pieces.

Inventory:

Hand Weapons
 a - a +0 spear (weapon)
Armour
 b - a +0 animal skin
 d - a +0 ring mail (worn)
 e - a +1 pair of gloves (worn)
Potions
 g - a potion of stabbing
Comestibles
 c - 2 rations
 f - 4 chunks of flesh


   Skills:
 - Level 3.2 Fighting
 + Level 8.8 Polearms
 - Level 1.3 Armour
 - Level 2.6 Dodging


You had 4 spell levels left.
You didn't know any spells.
Your spell library was empty.

Dungeon Overview and Level Annotations

Branches:
Dungeon (3/15)

Altars:
Sif Muna


Innate Abilities, Weirdness & Mutations

You revert to your normal form in water.
You are very nimble and swift while swimming.
You are very stealthy in the water. (Stealth+)
You have a pair of small antennae on your head.
You are agile. (Dex +2)
Armour fits poorly on your strangely shaped body.
You occasionally shout uncontrollably at your foes.


Message History

The orc shouts!
A kobold comes into view.
Things that are here:
a +0 mace; a +0 leather armour
Found a stone staircase leading down.
You barely miss the orc. The orc hits you with a +0 flail.
* * * LOW HITPOINT WARNING * * *
Your skin crawls.
You feel resistant to hostile enchantments.
You are feeling hungry.
The orc closely misses you.
You closely miss the orc. The orc hits you with a +0 flail.
* * * LOW HITPOINT WARNING * * *
You barely miss the orc. The orc barely misses you.
You barely miss the orc. The orc hits you with a +0 flail.
* * * LOW HITPOINT WARNING * * *
As you read the scroll labeled NUXEAKL FUXO, it crumbles to dust.
The creatures around you are filled with an inner flame!
It was a scroll of immolation.
The orc hits you with a +0 flail.
You die...

..## ##†.......
.....##†####.## .
.P.....(# ..
P...###.# .>. ..
#.# #.. #.# #...
#####.#
#....##.)...###
#...Ko@))....>...#
#.#####.###.######
#.# #.# ... ..#
########


You could see an orc (inner flame) and a kobold (inner flame).

Vanquished Creatures
  An orc priest (D:3)
  Jessica (D:2)
  5 adders
  An ooze (D:1)
  2 worms (D:2)
  3 dart slugs
  2 leopard geckos
  4 orcs (D:3)
  A ball python (D:1)
  3 giant cockroaches
  6 goblins
  6 hobgoblins
  2 jackals (D:1)
  3 bats (D:1)
  4 frilled lizards
  6 kobolds
  10 rats
60 creatures vanquished.

Notes
Turn   | Place    | Note
-------+----------+-------------------------------------------
     0 | D:1      | Curus the Merfolk Berserker began the quest for the Orb.
     0 | D:1      | Reached XP level 1. HP: 18/18 MP: 1/1
    72 | D:1      | Reached skill level 5 in Polearms
    79 | D:1      | Reached XP level 2. HP: 24/24 MP: 2/2
   773 | D:1      | Reached ** piety under Trog
   773 | D:1      | Reached skill level 6 in Polearms
   773 | D:1      | Reached XP level 3. HP: 29/29 MP: 3/3
  1778 | D:2      | Reached XP level 4. HP: 35/35 MP: 4/4
  1781 | D:2      | Reached skill level 7 in Polearms
  2130 | D:2      | Noticed Jessica
  2134 | D:2      | Killed Jessica
  2136 | D:2      | Found a shimmering blue altar of Sif Muna.
  2333 | D:3      | Reached skill level 8 in Polearms
  2333 | D:3      | Reached XP level 5. HP: 41/41 MP: 5/5
  2416 | D:3      | Gained mutation: You occasionally shout uncontrollably at
                  | your foes. [potion of mutation]
  2416 | D:3      | Gained mutation: You are agile. (Dex +2) [potion of
                  | mutation]
  2416 | D:3      | Gained mutation: Armour fits poorly on your strangely
                  | shaped body. [potion of mutation]
  2416 | D:3      | Gained mutation: You have a pair of small antennae on your
                  | head. [potion of mutation]
  2479 | D:3      | Reached *** piety under Trog
  2507 | D:3      | Slain by an orc

Illustrated notes

Levels and vault maps discovered:
D:1:      elethiomel_arrival_infinity_welcomes_careful_drivers, layout_basic
D:2:      layout_basic, lemuel_crystal_altar, uniq_jessica
D:3:      layout_loops_ring, dancing_weapons_uskayaw,
          gammafunk_ghost_nasty_kobolds, gup_sewer_entry_pipe,
          grunt_decor_fettered, dk_noncrumbling_3, serial_park_tiny_2

Skill      XL: |  1  2  3  4 |
---------------+-------------+-----
Polearms       | 5 6 8 |  8.8
Fighting       | |  3.2
Armour         | |  1.3
Dodging        | |  2.6

Action                   |  1- 3 |  4- 6 || total
-------------------------+-------+-------++-------
Melee: Spear             |   109 |   106 ||   215
Invok: Berserk           |       |     1 ||     1
       Trog's Hand       |       |     1 ||     1
  Use: Potion            |     3 |     1 ||     4
       Scroll            |     1 |     3 ||     4
 Stab: Sleeping          |     2 |       ||     2
  Eat: Chunk             |     3 |     3 ||     6
Armor: Animal skin       |     3 |       ||     3
       Ring mail         |    11 |    16 ||    27
Dodge: Dodged            |    38 |    32 ||    70
